 Dungeon Crawl Stone Soup version 0.28-a0-1235-g7c8fac35f0 (webtiles) character file.

Game seed: 7003253674435586978

97 freelancePsychic the Conjurer (level 4, -4/27 HPs)
             Began as an Octopode Conjurer on Dec 24, 2021.
             Slain by a kobold brigand (6 damage)
             ... in a sewer.
             The game lasted 00:05:36 (2704 turns).

freelancePsychic the Conjurer (Octopode Conjurer)   Turns: 2704, Time: 00:05:36

Health: -4/27      AC:  1    Str:  6    XL:     4   Next: 68%
Magic:  0/8        EV: 13    Int: 22    God:
Gold:   1          SH:  0    Dex: 10    Spells: 6/9 levels left

rFire   . . .      SeeInvis .   a - +3 short sword
rCold   . . .      Faith    .   (no shield)
rNeg    . . .      Spirit   .   (helmet restricted)
rPois   .          Reflect  .   (no amulet)
rElec   .          Harm     .   (no ring)
rCorr   .          Rampage  .   (no ring)
Will    .....                   (no ring)
Stlth   ++++......              (no ring)
HPRegen 0.09/turn               (no ring)
MPRegen 0.11/turn               (no ring)
                                (no ring)
                                (no ring)

@: brilliant, very slightly contaminated
A: almost no armour, amphibious, 8 rings, camouflage 1, gelatinous body 1,
nimble swimmer 1, tentacles
a: no special abilities


You were in a sewer.
You visited 1 branch of the dungeon, and saw 3 of its levels.
You also visited: Sewer.

You collected 25 gold pieces.
You spent 24 gold pieces at shops.

Inventory:

Hand Weapons
 a - a +3 short sword (weapon)
Armour
 h - a +0 tower shield
Scrolls
 b - a scroll of enchant weapon
 c - 2 scrolls of fear
 e - a scroll of torment
 i - a scroll of enchant armour {unknown}
Potions
 f - a potion of attraction {unknown}


   Skills:
 - Level 2.0 Dodging
 + Level 4.4 Stealth
 - Level 3.0 Spellcasting
 + Level 4.7 Conjurations


You had 6 spell levels left.
You knew the following spells:

 Your Spells              Type           Power      Damage    Failure   Level
a - Magic Dart            Conj           100%       1d8       1%          1
b - Searing Ray           Conj           72%        2d7       2%          2

Your spell library contained the following spells:

 Spells                   Type           Power      Damage    Failure   Level
 Slow                     Hex            16%        N/A       12%         1
 Dazzling Flash           Conj/Hex       40%        N/A       14%         3
 Confusing Touch          Hex            4%         N/A       36%         3
 Fulminant Prism          Conj/Hex       10%        3d9       43%         4
 Iskenderun's Mystic Bla  Conj/Tloc      20%        2d6       43%         4
 Yara's Violent Unravell  Hex/Tmut       2%         3d3       98%         5


Dungeon Overview and Level Annotations

Branches:
Dungeon (3/15)              Sewer (1/1)

Altars:

Shops:
D:2 *


Innate Abilities, Weirdness & Mutations

You cannot wear most types of armour.
You are amphibious.
You can wear up to eight rings at the same time.
Your skin changes colour to match your surroundings (Stealth+).
Your rubbery body absorbs attacks. (AC +1, EV +1)
You are camouflaged when in or above water. (Stealth+)
You have tentacles for arms and can constrict up to eight enemies at once.


Message History

The kobold brigand shouts!
The kobold brigand hits you with a +0 whip!
The searing ray hits the kobold brigand!
The kobold brigand is moderately wounded. (Press . to maintain the ray.)
The kobold brigand hits you but does no damage.
The searing ray hits the kobold brigand.
The kobold brigand is moderately wounded.
The kobold brigand closely misses you.
The searing ray hits the kobold brigand!
The kobold brigand is severely wounded.
The kobold brigand misses you.
The searing ray hits the kobold brigand.
The kobold brigand is almost dead.
You finish channelling your searing ray.
The kobold brigand closely misses you.
The searing ray hits the kobold brigand.
The kobold brigand is almost dead. (Press . to maintain the ray.)
The kobold brigand hits you with a +0 whip!
You are too injured to fight recklessly!
You are too injured to fight recklessly!
Casting: Searing Ray (safe; 2% risk of failure)
Confirm with . or Enter, or press ? or * to list all spells.
You don't have enough magic to cast this spell.
Unknown command.
Casting: Searing Ray (safe; 2% risk of failure)
Confirm with . or Enter, or press ? or * to list all spells.
Aiming: Magic Dart (safe; 1% risk of failure)
Press: ? - help, Shift-Dir - straight line, f/p - kobold brigand
Aim: a kobold brigand, wielding a +0 whip and quivering poisoned darts (almost dead, 100% to hit)
You miscast Magic Dart.
You are very lightly contaminated with residual magic.
Nothing appears to happen.
The kobold brigand hits you with a +0 whip!
* * * LOW HITPOINT WARNING * * *
It was a potion of brilliance.
You feel clever all of a sudden.
The kobold brigand hits you with a +0 whip.
You die...

###
#K#
#@#
#≈#
#≈#
≈≈#
.##
#.
#≈
#≈


You could see a kobold brigand.

Vanquished Creatures
  3 adders
  2 river rats (Sewer)
  2 worms (Sewer)
  7 ball pythons
  2 endoplasms
  2 giant cockroaches (D:3)
  2 goblins (D:2)
  3 hobgoblins
  4 quokkas
  5 bats
  A frilled lizard (D:2)
  8 kobolds
  8 rats
49 creatures vanquished.

Notes
Turn   | Place    | Note
-------+----------+-------------------------------------------
     0 | D:1      | freelancePsychic the Octopode Conjurer began the quest for
                  | the Orb.
     0 | D:1      | Reached XP level 1. HP: 11/11 MP: 3/3
   293 | D:1      | Reached XP level 2. HP: 17/17 MP: 0/5
   727 | D:1      | Found a faded altar of an unknown god.
  1143 | D:2      | Learned a level 2 spell: Searing Ray
  1152 | D:2      | Reached XP level 3. HP: 21/21 MP: 1/6
  1411 | D:2      | Found Fynugaz's Assorted Antiques.
  1414 | D:2      | Bought a scroll labelled WYONITIPIPS for 24 gold pieces
  1857 | D:3      | Found a glowing drain.
  1861 | Sewer    | Entered a sewer
  2030 | Sewer    | Noticed a kobold brigand
  2129 | Sewer    | Reached XP level 4. HP: 27/27 MP: 5/8
  2306 | Sewer    | Noticed a kobold brigand
  2540 | Sewer    | Noticed a kobold brigand
  2540 | Sewer    | Noticed a kobold brigand
  2697 | Sewer    | Noticed a kobold brigand
  2704 | Sewer    | Slain by a kobold brigand

Illustrated notes

Levels and vault maps discovered:
D:1:      evilmike_arrival_fibonacci_small, layout_basic,
          ebering_ecumenical_altar_webs
D:2:      layout_basic, serial_shops, shop, minmay_misc_feat_plants
D:3:      layout_rooms, gammafunk_temple_overflow_wave, gup_sewer_entry_bowl,
          minmay_goblin_kobold_house
Sewer:    sewer_co_tree

Skill      XL: |  1  2  3  4 |
---------------+-------------+-----
Stealth        | 3 4 |  4.4
Spellcasting   | 3 |  3.0
Dodging        | |  2.0
Conjurations   | |  4.7

Action                   |  1- 3 |  4- 6 || total
-------------------------+-------+-------++-------
Melee: Short sword       |     4 |       ||     4
       Constrict         |     1 |       ||     1
 Cast: Magic Dart        |    51 |       ||    51
       Searing Ray       |     7 |    12 ||    19
  Use: Scroll            |     5 |     1 ||     6
       Potion            |       |     1 ||     1
Armor: Skin              |     2 |     2 ||     4
Dodge: Dodged            |     7 |     7 ||    14

Table legend: (Time is in decaauts)
 A = Elapsed time spent in this place.
 B = Non-inter-level travel time spent in this place.
 C = Inter-level travel time spent in this place.
 D = Time resting spent in this place.
 E = Time spent auto-exploring this place.
 F = Levels seen in this place.
 G = Mean time per level.
                   A        B        C        D        E       F      G
               +--------+--------+--------+--------+--------+-----+--------+
         Total |   2703 |   2627 |     76 |     94 |   2159 |   4 |  675.8 |
       Dungeon |   1860 |   1784 |     76 |     28 |   1552 |   3 |  620.0 |
         Sewer |    842 |    842 |      0 |     66 |    607 |   1 |  842.0 |
               +--------+--------+--------+--------+--------+-----+--------+

Top non-repeatable levels by time:
     D:2: 897 daAuts
     D:1: 880 daAuts
   Sewer: 842 daAuts
     D:3: 82 daAuts
